 Dungeon Crawl Stone Soup version 0.19.0-2-gae57169 (webtiles) character file.

744 Patchouli the Magician (level 7, -3/36 HPs)
             Began as a Deep Elf Ice Elementalist on Nov 7, 2016.
             Was an Initiate of Kikubaaqudgha.
             Slain by a hippogriff (9 damage)
             ... on level 9 of the Dungeon.
             The game lasted 00:19:53 (3092 turns).

Patchouli the Magician (Deep Elf Ice Elementalist)  Turns: 3092, Time: 00:19:55

Health: -3/36      AC:  3    Str:  5    XL:     7   Next: 47%
Magic:  4/18       EV: 13    Int: 22    God:    Kikubaaqudgha [......]
Gold:   146        SH:  0    Dex: 15    Spells: 4 memorised, 7 levels left

rFire  . . .     SeeInvis .     j - +1 long sword
rCold  + . .     Gourm    .     a - +1 robe
rNeg   . . .     Faith    .     (no shield)
rPois  +         Spirit   .     (no helmet)
rElec  .         Reflect  .     (no cloak)
rCorr  .         Harm     .     (no gloves)
MR     .....                    (no boots)
Stlth  ++........               (no amulet)
                                k - ring of poison resistance
                                v - ring of protection from cold

@: lethally poisoned (-3 -> -9), very slightly contaminated, heavily drained
A: no striking features
a: Renounce Religion


You were on level 9 of the Dungeon.
You worshipped Kikubaaqudgha.
Kikubaaqudgha was noncommittal.
You were hungry.

You visited 2 branches of the dungeon, and saw 10 of its levels.
You also visited: Sewer.

You collected 146 gold pieces.

Inventory:

Hand Weapons
 j - a +1 long sword (weapon)
Missiles
 E - 8 silver javelins (quivered)
Armour
 a - a +1 robe (worn)
Magical Staves
 m - an uncursed staff of poison
Jewellery
 k - a ring of poison resistance (right hand)
 v - a ring of protection from cold (left hand)
 y - an uncursed ring of stealth
 A - an uncursed amulet of harm
 D - a +1 ring of protection
Wands
 g - a wand of slowing (29/48)
 n - a wand of flame (24/48)
 r - a wand of iceblast (8/15)
 w - a wand of enslavement (20/24)
Scrolls
 f - 3 scrolls of identify
 i - a scroll of remove curse
 o - 2 scrolls of amnesia
 q - a scroll of enchant weapon
Potions
 e - 2 potions of curing {unknown}
 p - a potion of heal wounds {unknown}
 s - a potion of might {unknown}
 t - 2 potions of mutation {unknown}
 x - 2 potions of flight {unknown}
 z - a potion of haste {unknown}
 B - a potion of agility
Books
 b - a book of Frost

   Spells                             Type                      Level
   a - Freeze                         Ice                          1
   b - Throw Frost                    Conjuration/Ice              2
   c - Ozocubu's Armour               Charms/Ice                   3
   d - Throw Icicle                   Conjuration/Ice              4
   e - Summon Ice Beast               Ice/Summoning                4
 F - a book of Battle

   Spells                             Type                      Level
   a - Infusion                       Charms                       1
   b - Shroud of Golubria             Charms/Translocation         2
   c - Song of Slaying                Charms                       2
   d - Spectral Weapon                Hexes/Charms                 3
   e - Regeneration                   Charms/Necromancy            3
Comestibles
 c - 3 bread rations
 d - 4 beef jerkies
 h - 3 fruits
 l - a meat ration


   Skills:
 + Level 4.4(2.9) Dodging
 - Level 2.4(0.9) Stealth
 * Level 6.0(4.4) Spellcasting
   Level 1.1(0.0) Conjurations
 + Level 4.3(2.7) Charms
 * Level 4.0(2.4) Summonings
 * Level 0.2(0.0) Necromancy
 * Level 5.5(3.9) Ice Magic


You had 7 spell levels left.
You knew the following spells:

 Your Spells              Type           Power        Failure   Level  Hunger
a - Freeze                Ice            ###.         1%          1    None
b - Regeneration          Chrm/Necr      ##........   21%         3    ##.....
i - Summon Ice Beast      Ice/Summ       ###.....     34%         4    ####...
q - Ozocubu's Armour      Chrm/Ice       ###.....     12%         3    ##.....


Dungeon Overview and Level Annotations

Branches:
Dungeon (9/15)             Temple (1/1) D:5
   Lair: D:8-11         Orc: D:9-12

Altars:
Ashenzari
Cheibriados
Dithmenos
Fedhas
Gozag
Hepliaklqana
Kikubaaqudgha
Nemelex Xobeh
Qazlal
Ru
Sif Muna
Trog
Xom
Zin
The Shining One

Shops:
D:5 [=(=[

Annotations:
D:4 Pikel
D:8 Erica
D:9 Psyche


Message History

You are poisoned.
Psyche hits you but does no damage.
As you read the scroll labeled QUGOPH VUEW YLIJAU, it crumbles to dust.
The creatures around you are filled with an inner flame!
It was a scroll of immolation.
You feel sick. Psyche barely misses you. Psyche closely misses you.
You feel sick. Psyche hits you with a dagger of chaos! Psyche burns you.
* * * LOW HITPOINT WARNING * * *
You feel sick. The hippogriff misses you. The hippogriff pecks you.
* * * LOW HITPOINT WARNING * * *
The hippogriff claws you but does no damage.
Psyche looks braver for a moment.
Casting: Summon Ice Beast
Confirm with . or Enter, or press ? or * to list all spells.
A chill wind blows around you.
* * * LOW HITPOINT WARNING * * *
You feel sick. The hippogriff misses you. The hippogriff barely misses you.
The hippogriff claws you!
You die...
Kikubaaqudgha rasps: "You have failed me!
Welcome... death!"

#(#...#.#
#).#.##.#
##..###.#######
#.#..##.......#
#..#..#.....<.#
#...#.#.......#
###..##.......###
#_##.....Y....#
###....#@#..#..#
######H#####.#
#..@..# ..#
#..##.##..# .#
##.####'####.#.#
.....?.........#
#.######+######.#


You could see a hippogriff (inner flame), Psyche (inner flame) and a friendly
ice beast.

Vanquished Creatures
  A sky beast (D:6)
  A bullfrog (D:6)
  2 howler monkeys
  A hound (D:7)
  2 orc priests
  An orc wizard (D:4)
  2 iguanas (D:4)
  Natasha (D:4)
  3 worker ants (D:7)
  2 river rats (D:5)
  4 adders
  A worm (D:5)
  A dart slug (D:2)
  2 leopard geckos
  4 orcs
  10 bats
  2 giant cockroaches (D:5)
  2 goblins (D:3)
  2 hobgoblins
  9 jackals
  A quokka (D:7)
  2 frilled lizards
  3 kobolds
  2 quokka skeletons (D:4)
  A rat (D:3)
62 creatures vanquished.

Vanquished Creatures (collateral kills)
  A necrophage (D:7)
  2 ogres (D:5)
  A big kobold (D:9)
  A hound (D:5)
  A worker ant (D:5)
  A hound zombie (D:7)
  A hound skeleton (D:7)
  An adder (D:7)
  An orc (D:7)
10 creatures vanquished.

Vanquished Creatures (others)
  A jelly (D:6)
  A quokka (D:6)
2 creatures vanquished.

Grand Total: 74 creatures vanquished

Notes
Turn   | Place    | Note
-------+----------+-------------------------------------------
     0 | D:1      | Patchouli the Deep Elf Ice Elementalist began the quest for the Orb.
     0 | D:1      | Reached XP level 1. HP: 10/10 MP: 6/6
   119 | D:1      | Reached XP level 2. HP: 11/15 MP: 1/8
   385 | D:2      | Reached skill level 4 in Spellcasting
   462 | D:2      | Reached XP level 3. HP: 15/19 MP: 5/10
   467 | D:2      | Learned a level 3 spell: Ozocubu's Armour
   773 | D:4      | Reached skill level 1 in Charms
   773 | D:4      | Reached XP level 4. HP: 23/24 MP: 3/12
   774 | D:4      | Noticed Pikel
   775 | D:4      | Noticed a slave
   786 | D:3      | Learned a level 4 spell: Summon Ice Beast
   864 | D:5      | Entered Level 5 of the Dungeon
   864 | D:5      | Noticed an ogre
   925 | D:4      | Reached skill level 1 in Summonings
   925 | D:4      | Reached XP level 5. HP: 28/28 MP: 7/14
   978 | D:4      | Noticed Natasha
   985 | D:4      | Killed Natasha
  1014 | D:4      | Reached skill level 5 in Spellcasting
  1180 | D:5      | Found Ydirhah's Antique Armour Shoppe.
  1181 | D:5      | Found Nanah's Antique Weapon Shoppe.
  1182 | D:5      | Found Zimi's Jewellery Shoppe.
  1184 | D:5      | Found Heish's Jewellery Shoppe.
  1215 | D:5      | Found Qakoison's Antique Armour Shoppe.
  1243 | D:5      | Found a sparkling altar of Nemelex Xobeh.
  1268 | D:5      | Reached XP level 6. HP: 32/32 MP: 5/15
  1275 | D:5      | Found a glowing drain.
  1293 | Sewer    | Entered a sewer
  1342 | Sewer    | Noticed Purgy
  1513 | D:5      | Found a glowing silver altar of Zin.
  1513 | D:5      | Found a shimmering altar of Xom.
  1514 | D:5      | Noticed an angel
  2016 | D:6      | Found a shadowy altar of Dithmenos.
  2016 | D:6      | Found a deep blue altar of Sif Muna.
  2083 | D:6      | Noticed a sky beast
  2105 | D:6      | Killed a sky beast
  2149 | D:7      | Reached skill level 5 in Ice Magic
  2149 | D:7      | Reached XP level 7. HP: 36/36 MP: 2/17
  2688 | D:5      | Found a staircase to the Ecumenical Temple.
  2754 | Temple   | Entered the Ecumenical Temple
  2765 | Temple   | Became a worshipper of Kikubaaqudgha
  2848 | D:5      | Reached skill level 6 in Spellcasting
  2948 | D:8      | Learned a level 3 spell: Regeneration
  2997 | D:8      | Noticed Erica
  3049 | D:9      | Found a sacrificial altar of Ru.
  3077 | D:9      | Noticed Psyche
  3082 | D:9      | Noticed a hippogriff
  3092 | D:9      | Slain by a hippogriff

Skill      XL: |  1  2  3  4  5  6  7 |
---------------+----------------------+-----
Spellcasting   | 4 5 6 |  6.0
Dodging        | 3 4 |  4.4
Charms         | 1 3 4 |  4.3
Ice Magic      | 4 5 |  5.5
Summonings     | 1 2 3 4 |  4.0
Stealth        | |  2.4
Conjurations   | |  1.1
Necromancy     | |  0.2

Action                   |  1- 3 |  4- 6 |  7- 9 || total
-------------------------+-------+-------+-------++-------
Melee: Unarmed           |     1 |       |       ||     1
       Long sword        |     2 |    10 |     4 ||    16
 Cast: Freeze            |    58 |    42 |    16 ||   116
       Ozocubu's Armour  |     2 |     6 |     3 ||    11
       Summon Ice Beast  |       |     6 |     8 ||    14
Evoke: Wand              |       |     1 |       ||     1
  Use: Scroll            |       |     8 |     2 ||    10
  Eat: Chunk             |       |     4 |     4 ||     8
       Fruit             |       |     1 |       ||     1
Armor: Robe              |     8 |    15 |    10 ||    33
Dodge: Dodged            |    32 |    34 |    20 ||    86
       Rpst.: Long sword |     4 |    16 |     5 ||    25
